 Dungeon Crawl Stone Soup version 0.29-a0-334-gb41bcbb86e (webtiles) character file.

Game seed: 11587550597256635543

35 spaghetti the Sneak (level 3, 39/45 HPs)
             Began as a Deep Dwarf Arcane Marksman on Apr 15, 2022.
             Quit the game on level 4 of the Dungeon.
             The game lasted 00:02:51 (958 turns).

spaghetti the Sneak (Deep Dwarf Arcane Marksman)     Turns: 958, Time: 00:02:51

Health: 39/45      AC: 21    Str: 13    XL:     3   Next: 17%
Magic:  0/3        EV:  2    Int: 15    God:
Gold:   72         SH:  0    Dex: 13    Spells: 0/4 levels left

rFire   . . .      SeeInvis .   a - +0 hand crossbow {crossbow}
rCold   . . .      Faith    .   l - orb {mayhem}
rNeg    . . .      Spirit   .   (body armour currently unavailable)
rPois   +          Reflect  .   (helmet currently unavailable)
rElec   .          Harm     .   (cloak currently unavailable)
rCorr   .          Rampage  .   (gloves currently unavailable)
Will    .....      NoTele   +   (boots currently unavailable)
Stlth   ++........              (no amulet)
HPRegen 0.00/turn               (no ring)
MPRegen 0.08/turn               (no ring)

@: tree-form, hasted, very quick
A: stationary, stasis, torment immunity, boosted hp, damage resistance, heal
wounds, sense surroundings 1, no regeneration
a: Heal Wounds


You were on level 4 of the Dungeon.
You were a tree.
You visited 1 branch of the dungeon, and saw 3 of its levels.

You collected 72 gold pieces.


Innate Abilities, Weirdness & Mutations

You are a tree.
Your roots penetrate the ground, keeping you stationary.
You cannot be teleported.
You are immune to unholy pain and torment.
Your maximum health is greatly increased.
Your equipment is partially melded.
You are resistant to damage.
You can heal yourself by infusing magical energy.
You passively map a small area around you.
You do not regenerate.


   Skills:
 - Level 0.8 Fighting
 - Level 2.1 Crossbows
 - Level 2.1 Dodging
 + Level 3.9 Stealth
 - Level 1.0 Spellcasting
 - Level 2.4 Hexes


You couldn't memorise any spells.
You knew the following spells:

 Your Spells              Type           Power      Damage    Failure   Level
a - Slow                  Hex            28%        N/A       10%         1
b - Inner Flame           Hex/Fire       4%         N/A       41%         3

Your spell library contained the following spells:

 Spells                   Type           Power      Damage    Failure   Level
 Portal Projectile        Hex/Tloc       8%         N/A       41%         3
 Call Canine Familiar     Summ           0%         N/A       58%         3
 Cause Fear               Hex            3%         N/A       67%         4
 Leda's Liquefaction      Hex/Erth       2%         N/A       83%         4

Inventory:

Hand Weapons
 a - a +0 hand crossbow (weapon) {crossbow}
 f - a +0 rapier {short}
   (You found it on level 1 of the Dungeon)
Missiles
 h - 22 stones {throwing}
Armour
 b - a +0 robe (melded)
 l - an orb of mayhem (worn)
   (You found it on level 2 of the Dungeon)
Jewellery
 e - a ring of fire
   (You found it on level 1 of the Dungeon)
Scrolls
 c - a scroll of vulnerability {!r!r}

Dungeon Overview and Level Annotations

Branches:
Dungeon (2/15)

Altars:

Annotations:
D:4 Ijyb

*** #### ..# #########
#######.# #.......#
.....##.#######.......#
.....##......##gā™£.....#
.............)..o.....# *
...........#......####..
.....###..##.S.##.#
##.#.. #...g..## ..., , *
............g.# ###..,
..........#.### # ,,
.............# *
.............. ,


You could see Ijyb, a gnoll, an orc, a goblin and a ball python.


Message History

It is a scroll of amnesia.
Really abort (and waste the scroll)?
Okay, then.
The orc misses you.
As you read the scroll labelled ZOGYSO TEROSA, it crumbles to dust.
It is a scroll of identify.
i - a potion of curing The orc hits you with a +0 short sword.
* * * LOW HITPOINT WARNING * * *
šŸ˜Ø HP[-1]
You take 1 damage, and now have 10/30 hp.
Okay, then.
It was a potion of lignification.
You turn into a tree.
Your +0 robe melds into your body.
Your roots penetrate the ground.
Ijyb shouts!
The orc hits you but does no damage. The orc barely misses you. šŸ˜Ø HP[+5]
You now have 45 max hp (+15).
You regained 5 hp, and now have 15/45 hp.
It was a potion of haste.
You feel yourself speed up.
Ijyb zaps a wand.
Your will is overpowered!
You are confused.
The orc hits you with a +0 short sword.
* * * LOW HITPOINT WARNING * * *
The orc hits you but does no damage. šŸ˜Ø HP[-1]
You take 1 damage, and now have 14/45 hp.
You feel better. šŸ˜Ø HP[+8]
You regained 8 hp, and now have 22/45 hp.
Casting: Slow (safe; 10% risk of failure)
Confirm with . or Enter, or press ? or * to list all spells.
The spell is quite dangerous to miscast (41% risk of failure)!
Continue anyway?
Okay, then.
You aren't carrying any items that you can evoke.
You aren't carrying any potions.
Unknown command.
Okay, then.
Shoot: a) +0 hand crossbow {crossbow}
Press: ? - help, Q - select action, (/) - cycle Shift-Dir - straight line, f/p - orc
Aim: an orc, wielding a +0 short sword and wearing a +0 scale mail (moderately wounded, 63% to hit)
You shoot a bolt. The bolt closely misses the orc.
The orc hits you but does no damage. The orc hits you with a +0 flail.
Shoot: a) +0 hand crossbow {crossbow}
Press: ? - help, Q - select action, (/) - cycle Shift-Dir - straight line, f/p - orc
Aim: an orc, wielding a +0 short sword and wearing a +0 scale mail (moderately wounded, 63% to hit)
You shoot a bolt. The bolt hits the orc.
The orc barely misses you. The orc hits you but does no damage.
A goblin comes into view. It is wielding a +0 club.
Shoot: a) +0 hand crossbow {crossbow}
Press: ? - help, Q - select action, (/) - cycle Shift-Dir - straight line, f/p - orc
Aim: an orc, wielding a +0 short sword and wearing a +0 scale mail (almost dead, 63% to hit)
You shoot a bolt. The bolt hits the orc.
You kill the orc!
The orc hits you but does no damage. šŸ˜Ø MP[+1]
Your mp is fully restored (4).
You fail to use your ability.
The ball python hisses angrily.
The goblin unwields a +0 club.
The goblin wields a +0 hunting sling.
The goblin shoots a sling bullet.
The sling bullet hits you but does no damage.
The orc hits you but does no damage.
A gnoll comes into view. It is wielding a +0 flail.
Your magical essence is drained by the effort!
You feel much better. Ijyb hits you but does no damage.
The orc hits you but does no damage. šŸ˜• HP[+17] MP[-1]
You regained 17 hp, and now have 39/45 hp.
Unknown command.
Unknown command.
Casting: Inner Flame (quite dangerous; 41% risk of failure)
Confirm with . or Enter, or press ? or * to list all spells.
The spell is quite dangerous to miscast (41% risk of failure)!
Continue anyway?
Aiming: Inner Flame (quite dangerous; 41% risk of failure)
Press: ? - help, Dir - move target, f - ball python
Aim: a ball python (chance to affect: 63%)
The ball python resists with significant effort.
The goblin shoots a sling bullet.
The sling bullet hits you but does no damage. šŸ˜• MP[-3]
You lost 3 mp, and now have 0/3 mp.
Casting: Inner Flame (quite dangerous; 41% risk of failure)
Confirm with . or Enter, or press ? or * to list all spells.
You don't have enough magic to cast this spell.
Shoot: a) +0 hand crossbow {crossbow}
Press: ? - help, Q - select action, (/) - cycle Shift-Dir - straight line, f/p - ball python
Aim: a ball python (55% to hit)
You shoot a bolt. The bolt barely misses the ball python.
The bolt barely misses the goblin.
Ijyb zaps a wand.
You resist with some effort. The orc hits you but does no damage.
Unknown command.
Are you sure you want to abandon this character and quit the game? (Confirm with "yes".)
Okay, then.
Unknown command.
Unknown command.
Unknown command.
Are you sure you want to abandon this character and quit the game? (Confirm with "yes".)

Skill      XL: |  1  2 |
---------------+-------+-----
Stealth        | 2 3 |  3.9
Fighting       | |  0.8
Crossbows      | |  2.1
Dodging        | |  2.1
Spellcasting   | |  1.0
Hexes          | |  2.4

Action                   || total
-------------------------++-------
 Fire: Hand crossbow     ||    85
 Cast: Slow              ||     6
       Inner Flame       ||     1
 Abil: Heal Wounds       ||     2
  Use: Potion            ||     4
       Scroll            ||     3
Armor: Robe              ||     9
       Skin              ||    11
Dodge: Dodged            ||    40

Levels and vault maps discovered:
D:1:      arrival_zaba_pyramid, layout_basic
D:2:      layout_rooms, shapermc_ecumenical_altar_gd, lemuel_old_faithful
D:4:      cheibrodos_helix_gallery, layout_rooms, grunt_ministairs_1, uniq_ijyb

Notes
Turn   | Place    | Note
-------+----------+-------------------------------------------
     0 | D:1      | spaghetti the Deep Dwarf Arcane Marksman began the quest
                  | for the Orb.
     0 | D:1      | Reached XP level 1. HP: 16/16 MP: 2/2
     0 | D:1      | magus.rc [v1.9.6]
    96 | D:1      | Reached skill level 1 in Stealth
   140 | D:1      | Reached skill level 2 in Stealth
   140 | D:1      | Reached XP level 2. HP: 19/24 MP: 3/3
   311 | D:1      | You pick up a book of the Hunter and begin reading...
   311 | D:1      | You add the spells Call Canine Familiar and Leda's
                  | Liquefaction to your library.
   453 | D:1      | Reached skill level 3 in Stealth
   853 | D:2      | Reached XP level 3. HP: 28/30 MP: 2/4
   857 | D:2      | Learned a level 3 spell: Inner Flame
   910 | D:2      | You fall into a shaft and drop 2 floors!
   945 | D:4      | Noticed Ijyb
   958 | D:4      | Quit the game

Vanquished Creatures
  3 dart slugs (D:1)
  2 orcs (D:4)
  4 ball pythons
  4 bats (D:1)
  3 endoplasms (D:1)
  A giant cockroach (D:1)
  4 hobgoblins
  A frilled lizard (D:1)
  A goblin (D:1)
  2 kobolds (D:1)
  A rat (D:1)
26 creatures vanquished.

Vanquished Creatures (others)
  4 demonic plants (D:2)
  A fungus (D:2)
  2 withered plants (D:2)
7 creatures vanquished.

Grand Total: 33 creatures vanquished

Table legend:
 A = Non-vault XP
 B = Vault XP
 C = Vault XP percentage of total XP
 D = Non-vault monster count
 E = Vault monster count
 F = Vault count percentage of total count
                 A         B        C        D         E       F
            +---------+---------+-------+---------+---------+-------
      Total |      48 |       3 |   5.9 |      25 |       1 |   3.8
            +---------+---------+-------+---------+---------+-------
        D:1 |      40 |       0 |   0.0 |      21 |       0 |   0.0
        D:2 |       2 |       0 |   0.0 |       1 |       0 |   0.0
        D:4 |       6 |       3 |  33.3 |       3 |       1 |  25.0
            +---------+---------+-------+---------+---------+-------

Illustrated notes

Table legend:
 A = Kills in this place as a percentage of kills in entire the game.
 B = Kills by you in this place as a percentage of kills by you in the entire game.
 C = Kills by friends in this place as a percentage of kills by friends in the entire game.
 D = Other kills in this place as a percentage of other kills in the entire game.
 E = Experience gained in this place as a percentage of experience gained in the entire game.
 F = Experience gained in this place divided by the number of levels of this place that you have seen.
                   A       B       C       D       E      F
               +-------+-------+-------+-------+-------+----------------------
         Total | 100.0 | 100.0 |   N/A |   N/A | 100.0 |  17.0
       Dungeon | 100.0 | 100.0 |   N/A |   N/A | 100.0 |  17.0
               +-------+-------+-------+-------+-------+----------------------

Table legend: (Time is in decaauts)
 A = Elapsed time spent in this place.
 B = Non-inter-level travel time spent in this place.
 C = Inter-level travel time spent in this place.
 D = Time resting spent in this place.
 E = Time spent auto-exploring this place.
 F = Levels seen in this place.
 G = Mean time per level.
                   A        B        C        D        E       F      G
               +--------+--------+--------+--------+--------+-----+--------+
         Total |    996 |    981 |     15 |    108 |    666 |   3 |  332.0 |
       Dungeon |    996 |    981 |     15 |    108 |    666 |   3 |  332.0 |
               +--------+--------+--------+--------+--------+-----+--------+

Top non-repeatable levels by time:
     D:1: 851 daAuts
     D:2: 93 daAuts
     D:4: 51 daAuts
